Zazza, neutral female human Tourist ----- ------ |...|#####.....| |...|# |....| # #####################.....#####+...<| -- `################## |...|# |....| |. # # |...|# ------ |... # # -|---# |.....I f #################### +.......@# ....- # ### ------- # | ##### # # # # # ### # # # # # ### # ############`#`# # ### -|-|--|- # |.....>| ##.......| -------- Zazza the Rambler Experience level: 1 Strength: 14 Dexterity: 8 Constitution: 16 Intelligence: 13 Wisdom: 7 Charisma: 18 Health: 0(13) Energy: 2(2) Def: 0 Gold: 921 Moves: 2784 Dungeon seed: FQJDOrzOHTtrauNk Game ID: Zazza_1619027402 Your Inventory: Coins $ - 921 gold pieces Weapons a - 23 +2 darts (in quiver) H - 2 +0 elven daggers (wielded) P - a blessed +0 sling W - a +0 long sword Armor e - an uncursed +0 Hawaiian shirt (being worn) q - an uncursed +0 orcish helm Comestibles b - 9 uncursed food rations c - an uncursed cream pie d - 2 uncursed tripe rations g - an uncursed fortune cookie i - an uncursed lichen corpse G - 2 uncursed food rations Scrolls j - 3 uncursed scrolls of magic mapping t - an uncursed scroll of teleportation u - an uncursed scroll of enchant weapon w - 2 uncursed scrolls of gold detection A - an uncursed scroll of enchant armor D - an uncursed scroll of remove curse V - an uncursed scroll of confuse monster Potions h - an uncursed potion of extra healing v - an uncursed potion of healing x - an uncursed potion of restore ability E - a cursed potion of levitation R - an uncursed potion of levitation S - an uncursed potion of water T - an uncursed potion of oil U - an uncursed potion of fruit juice X - an uncursed potion of gain ability Z - a potion of unholy water Rings Q - an uncursed ring of teleport control (on left hand) Wands r - a wand of polymorph (0:7) s - a wand of nothing (0:2) Tools k - an expensive camera (0:47) l - an uncursed credit card Gems n - an uncursed worthless piece of red glass Spells and supernatural/magical abilities: Name Level Category Fail Memory W - pray for help -- divine ? -- Your skills at the end: Fighting Skills Weapon Skills dart [Basic] Spellcasting Skills Final Attributes: You were nominally aligned. You were telepathic. You had teleport control. You are dead. Vanquished creatures: 2 floating eyes a kobold lord a gas spore 2 hobbits a large kobold a hobgoblin 3 giant rats a cave spider 2 gnomes a gecko 3 jackals 3 foxes 3 kobolds a goblin 2 sewer rats 10 grid bugs 4 lichens a kobold zombie 9 newts 51 creatures vanquished. Voluntary challenges: You used a wielded weapon 4 times, starting on turn 1215. You read items or engraved 6 times, starting on turn 332. You never genocided any monsters. You never polymorphed an object. You never changed form. You used no wishes. You never split a pudding. You wrote Elbereth's name 2 times, starting on turn 934. You never violated your personal moral code. Dungeon overview: The Dungeons of Doom: levels 1 to 6 Level 1 a fountain a long staircase Level 2 a general store, some fountains Level 3 a potion shop, a fountain stairs to The Gnomish Mines Level 4 some fountains Level 5 Level 6 <- You were here The Gnomish Mines: Level 4 stairs to The Dungeons of Doom History has recorded: On T:1 you entered the Dungeons of Doom to retrieve the Amulet of Yendor! On T:375 you reached level 2 of The Dungeons of Doom. On T:1426 you reached level 3 of The Dungeons of Doom. On T:1770 you reached level 1 of The Gnomish Mines. On T:1880 you reached level 4 of The Dungeons of Doom. On T:2231 you reached level 5 of The Dungeons of Doom. On T:2510 you reached level 6 of The Dungeons of Doom. Score breakdown: Gold: 396 ( 8840 points) Experience: 1 level ( 0 points) Exploration: 6 levels ( 13.33%) (10112 points) Discoveries: 5 items ( 1.68%) ( 3885 points) Valuables value: (no points given unless you survive) Artifact value: 0 ( 0 points) Variety of kills: 19 monsters ( 4.99%) ( 6699 points) Turncount: 2784 turns ( -489 points) Survival: died (score multiplied by 80%) Total score: 23237 Latest messages: The hobbit hits! f - a partly eaten floating eye corpse. You displace Armand. You hear some noises. You feel less confused now. You hear water falling on coins. You resume your meal. You finish eating the floating eye corpse. You feel a strange mental acuity. You displace Armand. You see here a fortune cookie. g - a fortune cookie. There are a few objects here. H - an elven dagger (weapon in hand). i - a lichen corpse. Armand bites the gas spore. The gas spore is killed! Armand is caught in the gas spore's explosion! You are caught in the gas spore's explosion! Final status: Aloha Zazza the Tourist, killed by a gas spore's explosion... You died in The Dungeons of Doom on dungeon level 6 with 23237 points, and 921 pieces of gold, after 2784 moves. You were level 1 with a maximum of 13 hit points when you died.